 Dungeon Crawl Stone Soup version 0.31-a0-473-g61b50ae490 (webtiles) character file.

Game seed: 17384040765476353926

1431 LobsterGuardian the Skirmisher (level 8, -8/65 (70) HPs)
             Began as a Gnoll Hunter on Aug 7, 2023.
             Was a Believer of Zin.
             Mangled by a wight
             ... wielding a +4 halberd
              (14 damage)
             ... on level 6 of the Dungeon.
             The game lasted 00:11:23 (4636 turns).

LobsterGuardian the Skirmisher (Gnoll Hunter)       Turns: 4636, Time: 00:11:23

HP:   -8/65 (70)    AC:  9    Str: 11    XL:     8   Next: 73%
MP:   13/13         EV: 13    Int:  8    God:    Zin [**....]
Gold: 25            SH:  0    Dex: 18    Spells: 12/14 levels left

rFire   . . .        b - +3 sling
rCold   + . .        (no shield)
rNeg    . . .        f - +1 ring mail {rC+}
rPois   .            (no helmet)
rElec   .            (no cloak)
rCorr   .            g - +0 pair of gloves
SInv    .            j - +0 pair of boots
Will    .....        (no amulet)
Stlth   ++           (no ring)
HPRegen 0.30/turn    (no ring)
MPRegen 0.13/turn

%: no passive effects
@: on recite cooldown, drained
A: fangs 1, strong nose, distributed training, robust 1, screaming 1
a: Renounce Religion, Recite, Vitalisation, Donate Gold


You were on level 6 of the Dungeon.
You worshipped Zin.
Zin was pleased with you.
You visited 1 branch of the dungeon, and saw 6 of its levels.

You collected 230 gold pieces.
You spent 182 gold pieces at shops.
You donated 23 gold pieces to Zin.

Inventory:

Hand Weapons
 b - a +3 sling (weapon)
Armour
 c - +0 shadow dragon scales
 f - a +1 ring mail of cold resistance (worn)
 g - a +0 pair of gloves (worn)
 j - a +0 pair of boots (worn)
Wands
 n - a wand of mindburst (12)
Scrolls
 d - a scroll of vulnerability {unknown}
 h - a scroll of fog
 k - 2 scrolls of immolation {unknown}
 l - a scroll of noise {unknown}


   Skills:
 + Level 5.9 Fighting
 + Level 3.6 Short Blades
 + Level 3.6 Long Blades
 + Level 3.6 Axes
 + Level 3.6 Maces & Flails
 + Level 3.6 Polearms
 + Level 3.6 Staves
 + Level 9.3 Ranged Weapons
 + Level 3.6 Throwing
 + Level 3.6 Armour
 + Level 5.9 Dodging
 + Level 4.3 Stealth
 + Level 3.6 Shields
 + Level 3.6 Unarmed Combat
 + Level 3.6 Spellcasting
 + Level 2.9 Conjurations
 + Level 2.9 Hexes
 + Level 2.9 Summonings
 + Level 2.9 Necromancy
 + Level 2.9 Translocations
 + Level 2.9 Transmutations
 + Level 2.9 Fire Magic
 + Level 2.9 Ice Magic
 + Level 2.9 Air Magic
 + Level 2.9 Earth Magic
 + Level 2.9 Poison Magic
 + Level 4.0 Invocations
 + Level 3.6 Evocations
 + Level 2.9 Shapeshifting


You had 12 spell levels left.
You knew the following spells:

 Your Spells              Type           Power      Damage    Failure   Level
a - Passwall              Tmut/Erth      5%         N/A       30%         2

Your spell library contained the following spells:

 Spells                   Type           Power      Damage    Failure   Level
 Apportation              Tloc           12%        N/A       21%         1
 Magic Dart               Conj           24%        1d4       21%         1
 Necrotise                Necr           24%        1d5       21%         1
 Sandblast                Erth           12%        2d6       21%         1
 Summon Small Mammal      Summ           24%        N/A       21%         1
 Call Imp                 Summ           12%        N/A       30%         2
 Mephitic Cloud           Conj/Pois/Air  6%         N/A       52%         3
 Stone Arrow              Conj/Erth      12%        3d7       52%         3
 Animate Armour           Summ/Erth      12%        N/A       90%         4
 Summon Lightning Spire   Summ/Air       6%         N/A       90%         4
 Lee's Rapid Deconstruct  Erth           3%         3d5*      99%         5


Dungeon Overview and Level Annotations

Branches:
Dungeon (6/15)
 Temple: D:4-7

Altars:
Cheibriados
Elyvilon
Gozag
Makhleb
Trog
Wu Jian
Zin
The Shining One

Shops:
D:1 !   D:2 (   D:6 :[

Annotations:
D:6 Blork the orc


Innate Abilities, Weirdness & Mutations

You have very sharp teeth.
Your uncanny sense of smell can sniff out nearby items.
Your experience applies equally to all skills.
You are robust. (+10% HP)
You occasionally shout uncontrollably at your foes.


Message History

The sling bullet closely misses the wight.
The wight zaps a wand.
You resist with some effort.
The wight hits you from afar with a +4 halberd.
You shoot a sling bullet. The sling bullet hits the wight!
You destroy the wight!
Zin accepts your kill. The wight barely misses you.
The wight hits you from afar with a +4 halberd!
You feel drained.
Your Invocations skill increases to level 4!
The wight hits you with a +4 halberd!
You feel drained.
Things that are here:
a +2 scimitar; a +0 robe; a wand of polymorph (15)
You shoot a sling bullet. The sling bullet hits the wight.
The wight is heavily damaged.
The wight barely misses you.
Press: ? - help, v - describe, . - travel
Here: a wight, wielding a +4 halberd and wearing a +0 robe (heavily damaged)
The floor.
Unknown command.
You shoot a sling bullet.
The sling bullet closely misses the wight.
The wight hits you with a +4 halberd.
You shoot a sling bullet. The sling bullet hits the wight.
The wight is severely damaged.
The wight hits you with a +4 halberd.
* * * LOW HITPOINT WARNING * * *
You feel drained.
* * * LOW HITPOINT WARNING * * *
Unknown command.
It was a potion of mutation.
You feel extremely strange. Zin protects your body from mutation!
You feel the urge to shout.
You feel robust.
Zin forgives your inadvertent chaotic act, just this once.
The wight hits you with a +4 halberd!
* * * LOW HITPOINT WARNING * * *
You shoot a sling bullet.
The sling bullet closely misses the wight.
The wight hits you with a +4 halberd!
You die...

#.##..#.##...#..##.##.##
#...........###.##.#.##
#........#..## ##.#.##.##
#.####...#.#.###.##.###.#
# #.....#.#..#.###......
..#.#..##.#.#.#########.
###
......)#...>............
..#
#.#.#.....###.#########.
#.# ....).z@.## #.# #.
#o# #..####### #.# #. #<#
# #.# #. .)# ##.## #. #o#
#...# #. ..#####.# #...#
## .......# #...# ######.
#.#####... #...###...##.
.)...# #####...##.....#.


You could see a wight.

Vanquished Creatures
  A water moccasin (D:5)
  A black bear (D:4)
  2 ice beasts
  2 ogres
  A bullfrog (D:4)
  2 scorpions (D:4)
  3 wights (D:6)
  3 howler monkeys (D:5)
  A hound (D:5)
  2 orc priests (D:5)
  2 iguanas
  2 orc wizards
  10 gnolls
  5 adders
  A white imp (D:5)
  2 ufetubi
  4 worms
  3 dart slugs
  10 orcs
  4 bats
  6 endoplasms
  3 giant cockroaches
  5 goblins
  A hobgoblin (D:2)
  7 jackals
  A quokka (D:1)
  6 ball pythons
  A frilled lizard (D:1)
  3 kobolds
  4 rats
98 creatures vanquished.

Notes
Turn   | Place    | Note
-------+----------+-------------------------------------------
     0 | D:1      | LobsterGuardian the Gnoll Hunter began the quest for the
                  | Orb.
     0 | D:1      | Reached XP level 1. HP: 20/20 MP: 1/1
    40 | D:1      | Found Kajastrei's Distillery.
   199 | D:1      | Reached XP level 2. HP: 26/26 MP: 2/2
   731 | D:2      | Found Ogogimp's Weapon Shop.
   871 | D:2      | Reached XP level 3. HP: 31/31 MP: 2/4
  1083 | D:2      | Reached skill level 1 in Invocations
  1088 | D:2      | Found a faded altar of an unknown god.
  1101 | D:2      | Reached skill level 1 in Short Blades
  1101 | D:2      | Reached skill level 1 in Long Blades
  1101 | D:2      | Reached skill level 1 in Axes
  1101 | D:2      | Reached skill level 1 in Maces & Flails
  1101 | D:2      | Reached skill level 1 in Polearms
  1101 | D:2      | Reached skill level 1 in Staves
  1101 | D:2      | Reached skill level 1 in Throwing
  1101 | D:2      | Reached skill level 1 in Armour
  1101 | D:2      | Reached skill level 1 in Shields
  1101 | D:2      | Reached skill level 1 in Unarmed Combat
  1101 | D:2      | Reached skill level 1 in Spellcasting
  1101 | D:2      | Reached skill level 1 in Evocations
  1218 | D:3      | Found a bloodstained altar of Trog.
  1220 | D:3      | Found a glowing silver altar of Zin.
  1224 | D:3      | Found an ornate altar of the Wu Jian Council.
  1228 | D:3      | Found a glowing golden altar of the Shining One.
  1239 | D:3      | Became a worshipper of Zin the Law-Giver
  1239 | D:3      | Reached * piety under Zin
  1323 | D:3      | Reached XP level 4. HP: 38/38 MP: 5/5
  1715 | D:4      | Reached skill level 1 in Conjurations
  1715 | D:4      | Reached skill level 1 in Hexes
  1715 | D:4      | Reached skill level 1 in Summonings
  1715 | D:4      | Reached skill level 1 in Necromancy
  1715 | D:4      | Reached skill level 1 in Translocations
  1715 | D:4      | Reached skill level 1 in Transmutations
  1715 | D:4      | Reached skill level 1 in Fire Magic
  1715 | D:4      | Reached skill level 1 in Ice Magic
  1715 | D:4      | Reached skill level 1 in Air Magic
  1715 | D:4      | Reached skill level 1 in Earth Magic
  1715 | D:4      | Reached skill level 1 in Poison Magic
  1715 | D:4      | Reached skill level 1 in Shapeshifting
  1956 | D:4      | Found a burning altar of Makhleb.
  1956 | D:4      | Noticed a green death
  1959 | D:4      | Noticed a smoke demon
  1959 | D:4      | Noticed a hellwing
  2077 | D:4      | Noticed a scorpion
  2086 | D:4      | Killed a scorpion
  2087 | D:4      | Reached XP level 5. HP: 43/43 MP: 5/7
  2184 | D:4      | You fall into a shaft and drop 2 floors!
  2187 | D:5      | Entered Level 5 of the Dungeon
  2247 | D:5      | Found an opulent altar of Gozag.
  2361 | D:4      | Noticed an ogre
  2419 | D:4      | Reached XP level 6. HP: 36/50 MP: 8/8
  2443 | D:4      | Reached skill level 5 in Fighting
  2443 | D:4      | Reached skill level 5 in Dodging
  2527 | D:4      | Reached ** piety under Zin
  2566 | D:4      | Noticed a black bear
  2575 | D:4      | Killed a black bear
  2829 | D:4      | Reached XP level 7. HP: 31/56 MP: 10/10
  2854 | D:4      | Learned a level 2 spell: Passwall
  3226 | D:4      | Reached skill level 9 in Ranged Weapons
  3353 | D:5      | Found a snail-covered altar of Cheibriados.
  3388 | D:5      | Reached XP level 8. HP: 23/63 MP: 12/12
  3931 | D:5      | Found a white marble altar of Elyvilon.
  4042 | D:6      | Noticed Blork the orc
  4502 | D:6      | Found Fulaghi's Book Shoppe.
  4548 | D:6      | Found Horr's Antique Armour Emporium.
  4551 | D:6      | Bought a runed ring mail for 182 gold pieces
  4635 | D:6      | Gained mutation: You occasionally shout uncontrollably at
                  | your foes. [potion of mutation]
  4635 | D:6      | Gained mutation: You are robust. (+10% HP) [potion of
                  | mutation]
  4636 | D:6      | Mangled by a wight

Illustrated notes

Levels and vault maps discovered:
D:1:      ebering_hopf_link, layout_loops_ring, serial_shops, shop,
          chequers_serial_rivers_small_3
D:2:      layout_rooms, shapermc_ecumenical_altar_notcrosses, serial_shops,
          nicolae_shop_tiny_waterfront
D:3:      layout_rooms, nicolae_overflow_macrodata_refinement
D:4:      layout_loops_ring, makhleb_altar_promises_db, nicolae_eternal_life,
          serial_bayou_pond_c, dk_noncrumbling_3, hangedman_decor_growths
D:5:      layout_basic, mainiacjoe_overflow_six_doors_small,
          mainiacjoe_overflow_boulevard, mainiacjoe_overflow_small_starburst,
          kennysheep_flooded_box
D:6:      layout_loops_cross, minmay_temple_entry_steel_oval, serial_shops,
          nicolae_book_shop_shelving, shop, nicolae_shop_window_shopping,
          uniq_blork_the_orc

Skill      XL: |  1  2  3  4  5  6  7  8 |
---------------+-------------------------+-----
Invocations    | 1 2 3 4 |  4.0
Short Blades   | 1 2 3 |  3.6
Long Blades    | 1 2 3 |  3.6
Axes           | 1 2 3 |  3.6
Maces & Flails | 1 2 3 |  3.6
Polearms       | 1 2 3 |  3.6
Staves         | 1 2 3 |  3.6
Throwing       | 1 2 3 |  3.6
Armour         | 1 2 3 |  3.6
Shields        | 1 2 3 |  3.6
Unarmed Combat | 1 2 3 |  3.6
Spellcasting   | 1 2 3 |  3.6
Evocations     | 1 2 3 |  3.6
Conjurations   | 1 2 |  2.9
Hexes          | 1 2 |  2.9
Summonings     | 1 2 |  2.9
Necromancy     | 1 2 |  2.9
Translocations | 1 2 |  2.9
Transmutations | 1 2 |  2.9
Fire Magic     | 1 2 |  2.9
Ice Magic      | 1 2 |  2.9
Air Magic      | 1 2 |  2.9
Earth Magic    | 1 2 |  2.9
Poison Magic   | 1 2 |  2.9
Shapeshifting  | 1 2 |  2.9
Stealth        | 3 4 |  4.3
Fighting       | 5 |  5.9
Dodging        | 5 |  5.9
Ranged Weapons | 9 |  9.3

Action                     |  1- 3 |  4- 6 |  7- 9 || total
---------------------------+-------+-------+-------++-------
   Fire: Shortbow          |    81 |   141 |    96 ||   318
         Sling             |       |       |    78 ||    78
   Cast: Passwall          |       |       |     1 ||     1
 Invoke: Recite            |     1 |     7 |     7 ||    15
         Vitalisation      |       |       |     1 ||     1
  Evoke: Wand              |       |     3 |       ||     3
    Use: Scroll            |     1 |     3 |     5 ||     9
         Potion            |       |     3 |     2 ||     5
 Armour: Leather armour    |     7 |    16 |    18 ||    41
         Shadow dragon sca |       |       |    12 ||    12
         Ring mail         |       |       |     7 ||     7
  Dodge: Dodged            |     4 |    67 |    79 ||   150

Table legend: (Time is in decaauts)
 A = Elapsed time spent in this place.
 B = Non-inter-level travel time spent in this place.
 C = Inter-level travel time spent in this place.
 D = Time resting spent in this place.
 E = Time spent auto-exploring this place.
 F = Levels seen in this place.
 G = Mean time per level.
                   A        B        C        D        E       F      G
               +--------+--------+--------+--------+--------+-----+--------+
         Total |   4659 |   4368 |    291 |    303 |   3255 |   6 |  776.5 |
       Dungeon |   4659 |   4368 |    291 |    303 |   3255 |   6 |  776.5 |
               +--------+--------+--------+--------+--------+-----+--------+

Top non-repeatable levels by time:
     D:4: 1509 daAuts
     D:5: 1128 daAuts
     D:1: 692 daAuts
     D:2: 496 daAuts
     D:6: 427 daAuts
     D:3: 405 daAuts
